 Dungeon Crawl Stone Soup version 0.29.1-2-gbd0b4ee654 (webtiles) character file.

Game seed: 17472398011066528937

114 Raikaria the Ruffian (level 4, -4/31 HPs)
             Began as an Octopode Fighter on Nov 7, 2022.
             Slain by Sigmund
             ... wielding a +0 scythe
              (7 damage)
             ... on level 3 of the Dungeon.
             The game lasted 00:05:03 (3011 turns).

Raikaria the Ruffian (Octopode Fighter)             Turns: 3011, Time: 00:05:04

Health: -4/31      AC:  1    Str: 15    XL:     4   Next: 97%
Magic:  4/4        EV: 13    Int: 12    God:
Gold:   116        SH:  0    Dex: 11    Spells: 3/3 levels left

rFire   + . .      SeeInvis .     - Unarmed
rCold   . . .      Faith    .   a - +0 buckler
rNeg    . . .      Spirit   .   (helmet restricted)
rPois   .          Reflect  .   (no amulet)
rElec   .          Harm     .   e - ring of protection from fire
rCorr   .          Rampage  .   (no ring)
Will    .....                   (no ring)
Stlth   ++........              (no ring)
HPRegen 0.10/turn               (no ring)
MPRegen 0.09/turn               (no ring)
                                (no ring)
                                (no ring)

@: confused
A: almost no armour, amphibious, 8 rings, camouflage 1, gelatinous body 1,
(nimble swimmer 1), tentacles
a: no special abilities


You were on level 3 of the Dungeon.
You visited 1 branch of the dungeon, and saw 4 of its levels.

You collected 116 gold pieces.

Inventory:

Missiles
 c - 4 poisoned darts (quivered)
Armour
 a - a +0 buckler (worn)
Jewellery
 e - a ring of protection from fire (left tentacle)
Scrolls
 d - 5 scrolls of identify {unknown}
 g - a scroll of blinking {unknown}
 i - 2 scrolls of noise {unknown}
 j - a scroll of magic mapping {unknown}
 k - 2 scrolls of butterflies {unknown}
 l - 2 scrolls of fear {unknown}
 q - a scroll of brand weapon {unknown}
Potions
 b - a potion of might
 f - 4 potions of curing {unknown}
 h - a potion of resistance {unknown}
 m - a potion of mutation {unknown}
 n - a potion of lignification {unknown}
 o - a potion of magic {unknown}
 p - a potion of berserk rage {unknown}


   Skills:
 + Level 3.5 Fighting
 + Level 3.5 Dodging
 - Level 1.0 Stealth
 + Level 3.3 Shields
 + Level 3.7 Unarmed Combat


You had 3 spell levels left.
You didn't know any spells.
Your spell library contained the following spells:

 Spells                   Type           Power      Damage    Failure   Level
 Confusing Touch          Hex            0%         N/A       78%         3
 Gell's Gravitas          Tloc           0%         N/A       78%         3
 Teleport Other           Tloc           0%         N/A       78%         3
 Yara's Violent Unravell  Hex/Tmut       0%         3d3       100%        5
 Dispersal                Tloc           0%         N/A       100%        6
 Enfeeble                 Hex            0%         N/A       100%        7


Dungeon Overview and Level Annotations

Branches:
Dungeon (4/15)
 Temple: D:4-7

Altars:
Xom

Annotations:
D:3 Grinder, Sigmund


Innate Abilities, Weirdness & Mutations

You cannot wear most types of armour.
You are amphibious.
You can wear up to eight rings at the same time.
Your skin changes colour to match your surroundings (Stealth+).
Your rubbery body absorbs attacks. (AC +1, EV +1)
((You are camouflaged when in or above water. (Stealth+)))
You have tentacles for arms and can constrict up to eight enemies at once.


Message History

Throw: 7 darts (poison)
Press: ? - help, Q - select action Shift-Dir - straight line, f - Sigmund
Aim: Sigmund, wielding a +0 scythe, wearing a +0 robe and carrying a wand of digging (2) (wandering, hasn't noticed you, 52% to hit)
You throw a poisoned dart. The poisoned dart hits Sigmund.
Sigmund is poisoned.
Sigmund shouts!
Sigmund zaps a wand.
Some rock shatters into small pieces.
Throw: 6 darts (poison)
Press: ? - help, Q - select action Shift-Dir - straight line, f/p - Sigmund
Aim: Sigmund, wielding a +0 scythe, wearing a +0 robe and carrying a wand of digging (1) (lightly wounded, poisoned, 52% to hit)
You throw a poisoned dart.
The poisoned dart closely misses Sigmund.
Throw: 5 darts (poison)
Press: ? - help, Q - select action Shift-Dir - straight line, f/p - Sigmund
Aim: Sigmund, wielding a +0 scythe, wearing a +0 robe and carrying a wand of digging (1) (lightly wounded, poisoned, 52% to hit)
You throw a poisoned dart.
The poisoned dart barely misses Sigmund.
Sigmund gestures wildly while chanting.
Sigmund flickers and vanishes!
Deactivating autopickup; reactivate with Ctrl-A.
Something hits you!
An adder comes into view.
The adder hisses angrily.
You tentacle-slap something. Your squeeze misses something.
Something hits you but does no damage.
Grinder comes into view.
You barely miss something.
Grinder shouts!
You hear some strange, mumbled words.
You are confused.
You bump into the rock wall.
A rat comes into view.
Something barely misses you. Grinder barely misses you.
Grinder closely misses you. The adder bites you but does no damage.
Something hits you.
You tentacle-slap Grinder but do no damage.
Your squeeze misses Grinder. The adder barely misses you. Grinder hits you.
* * * LOW HITPOINT WARNING * * *
You writhe in agony.
* * * LOW HITPOINT WARNING * * *
You bump into the rock wall.
The adder closely misses you. Something hits you!
You die...

#.....##...# ########
##.....##...######......#
#......##........#......#
#####......##...#....#.....<#
......###...................#
.####......###.##..##.......#
## #..####..##.#.{r.......>.#
#...## ##......5#.##.†....#
#.## #..##.@## #......# ...
#..##.S.# #......# ##
#....##.# ..####### .....
..>.. #####.# ###.##. ...##
......# #.# #...... #######
## ..#### ########### ..# #.
..))....... #....


You could see Grinder, an adder and a rat.

Vanquished Creatures
  An orc priest (D:3)
  An adder (D:3)
  An ufetubus (D:3)
  A worm (D:3)
  A dart slug (D:3)
  6 orcs (D:3)
  4 bats
  10 endoplasms
  2 giant cockroaches
  7 goblins
  4 hobgoblins
  A quokka (D:3)
  3 ball pythons
  2 frilled lizards
  7 kobolds
  5 rats
56 creatures vanquished.

Notes
Turn   | Place    | Note
-------+----------+-------------------------------------------
     0 | D:1      | Raikaria the Octopode Fighter began the quest for the Orb.
     0 | D:1      | Reached XP level 1. HP: 16/16 MP: 1/1
   323 | D:1      | Found a faded altar of an unknown god.
   327 | D:1      | Reached XP level 2. HP: 21/21 MP: 2/2
   859 | D:1      | Reached skill level 1 in Stealth
   915 | D:1      | Reached XP level 3. HP: 25/26 MP: 3/3
  1448 | D:2      | Found a shimmering altar of Xom.
  2031 | D:2      | Reached XP level 4. HP: 31/31 MP: 4/4
  2607 | D:3      | Noticed Sigmund
  3006 | D:3      | Noticed Grinder
  3011 | D:3      | Slain by Sigmund

Illustrated notes

Levels and vault maps discovered:
D:1:      psy_arrival_wood_between_worlds, layout_loops_corners,
          shapermc_ecumenical_altar_venn, st_stairs_2
D:2:      layout_basic, basic_altar
D:3:      layout_rooms, st_stairs_3, uniq_sigmund, uniq_grinder
D:4:      layout_loops_ring, nicolae_zen_rock_garden, uniq_ijyb

Skill      XL: |  1  2  3  4 |
---------------+-------------+-----
Stealth        | 1 |  1.0
Unarmed Combat | 3 |  3.7
Fighting       | |  3.5
Dodging        | |  3.5
Shields        | |  3.3

Action                   |  1- 3 |  4- 6 || total
-------------------------+-------+-------++-------
Melee: Unarmed           |    73 |    42 ||   115
       Constrict         |    18 |    10 ||    28
       Tentacles         |    15 |     9 ||    24
       Punch             |     3 |       ||     3
Throw: Dart              |       |     3 ||     3
 Stab: Sleeping          |    16 |       ||    16
Armor: Skin              |     1 |     2 ||     3
Dodge: Dodged            |    30 |    26 ||    56
Block: Buckler           |     6 |     3 ||     9
